 Dungeon Crawl Stone Soup version 0.29.0-13-gc9e81de378 (webtiles) character file.

Game seed: 11795765426654869340

23426 Arum the Fighter (level 13, 0/111 HPs)
             Began as a Formicid Fighter on Sept 9, 2022.
             Was an Elder of Cheibriados.
             Slain by a two-headed ogre
             ... wielding a +0 giant club
              (9 damage)
             ... on level 15 of the Dungeon.
             The game lasted 00:27:17 (19107 turns).

Arum the Fighter (Formicid Fighter)                Turns: 19107, Time: 00:27:18

Health: 0/111      AC: 15    Str: 45    XL:     13   Next: 35%
Magic:  19/19      EV:  9    Int: 20    God:    Cheibriados [****..]
Gold:   870        SH: 12    Dex: 22    Spells: 12/12 levels left

rFire   . . .      SeeInvis +   G - +4 trident of Ashenzari's Whim {elec, rElec Will+ Str+4 Int+3}
rCold   + . .      Faith    .   c - +0 buckler
rNeg    . . .      Spirit   .   w - +2 chain mail {rC+}
rPois   +          Reflect  .   (helmet unavailable)
rElec   +          Harm     .   x - +0 cloak
rCorr   .          Rampage  .   (no gloves)
Will    +++..                   (no boots)
Stlth   ..........              D - amulet of magic regeneration
HPRegen 0.28/turn               B - +6 ring of strength
MPRegen 0.56/turn               t - ring of poison resistance

@: mighty, very slow
A: permanent stasis, dig shafts and tunnels, antennae 3, four strong arms, large
bone plates 1, strong-willed 1
a: Dig, Shaft Self, Renounce Religion, Bend Time, Temporal Distortion, Slouch


You were on level 15 of the Dungeon.
You worshipped Cheibriados.
Cheibriados was greatly pleased with you.
You visited 1 branch of the dungeon, and saw 14 of its levels.

You collected 870 gold pieces.

Inventory:

Hand Weapons
 a - a +1 quarterstaff
 G - the +4 trident of Ashenzari's Whim (weapon) {elec, rElec Will+ Str+4 Int+3}
   (You found it on level 7 of the Dungeon)

   It occasionally discharges a powerful burst of electricity upon striking a
   foe.
   Str:       It affects your strength (+4).
   Int:       It affects your intelligence (+3).
   rElec:     It insulates you from electricity.
   Will:      It increases your willpower.
Missiles
 e - 4 javelins
 F - 3 silver javelins
Armour
 c - a +0 buckler (worn)
 v - a +0 pair of boots
 w - a +2 chain mail of cold resistance (worn)
 x - a +0 cloak (worn)
 z - a scarf of shadows
 A - the +6 scale mail "Conamet" {Int+4 Stlth+}
   (You found it on level 7 of the Dungeon)

   Int:       It affects your intelligence (+4).
   Stlth:     It makes you more stealthy.
Jewellery
 f - a ring of fire
 r - a ring of protection from fire
 t - a ring of poison resistance (right hand)
 B - a +6 ring of strength (left hand)
 D - an amulet of magic regeneration (around neck)
 H - a ring of ice
 M - a +6 ring of intelligence
Wands
 m - a wand of paralysis (8)
 n - a wand of acid (11)
 s - a wand of iceblast (4)
 y - a wand of digging (4)
 C - a wand of polymorph (2)
 J - a wand of flame (28)
Scrolls
 b - 4 scrolls of butterflies
 j - 3 scrolls of magic mapping
 k - 2 scrolls of enchant weapon
 o - a scroll of enchant armour
 u - a scroll of silence
 N - a scroll of summoning
 O - a scroll of amnesia
Potions
 d - a potion of might
 g - a potion of invisibility
 h - 2 potions of magic
 i - a potion of cancellation
 l - a potion of heal wounds
 p - 3 potions of flight
 q - 7 potions of curing
 E - a potion of lignification
 I - a potion of mutation
 K - a potion of resistance
 L - 2 potions of attraction
 P - a potion of experience {unknown}


   Skills:
 + Level 13.3 Fighting
 + Level 12.0 Staves
 - Level 11.0 Armour
 + Level 10.1 Shields
 + Level 8.3 Invocations


You had 12 spell levels left.
You didn't know any spells.
Your spell library contained the following spells:

 Spells                   Type           Power      Damage    Failure   Level
 Apportation              Tloc           0%         N/A       50%         1
 Necrotise                Necr           0%         1d4       50%         1
 Sandblast                Erth           0%         2d4       50%         1
 Summon Small Mammal      Summ           0%         N/A       50%         1
 Passwall                 Tmut/Erth      0%         N/A       63%         2
 Confusing Touch          Hex            0%         N/A       86%         3
 Conjure Flame            Conj/Fire      0%         6-21      86%         3
 Ignite Poison            Fire/Tmut/Pois 0%         N/A       86%         3
 Portal Projectile        Hex/Tloc       0%         N/A       86%         3
 Stone Arrow              Conj/Erth      0%         3d7       86%         3
 Tukima's Dance           Hex            0%         N/A       86%         3
 Leda's Liquefaction      Hex/Erth       0%         N/A       99%         4
 Passage of Golubria      Tloc           0%         N/A       99%         4
 Sticky Flame             Conj/Fire      0%         2d3       99%         4
 Blade Hands              Tmut           0%         N/A       100%        5
 Lee's Rapid Deconstruct  Erth           0%         3d5*      100%        5
 Silence                  Hex/Air        0%         N/A       100%        5
 Yara's Violent Unravell  Hex/Tmut       0%         3d3       100%        5
 Statue Form              Tmut/Erth      0%         N/A       100%        6
 Enfeeble                 Hex            0%         N/A       100%        7
 Lehudib's Crystal Spear  Conj/Erth      0%         10d2      100%        8


Dungeon Overview and Level Annotations

Branches:
Dungeon (13/15)            Temple (0/1) D:4            Lair (0/5) D:11
    Orc (0/2) D:11
 Vaults: D:13-14

Altars:
Ashenzari
Cheibriados
Dithmenos
Elyvilon
Fedhas
Nemelex Xobeh
Ru
Sif Muna
Uskayaw
Xom
Yredelemnul

Shops:
D:7 ([   D:10 [   D:13 (

Annotations:
D:3 exclusion: 2 oklob plants
D:4 exclusion: 3 oklob plants
D:5 exclusion: 12 oklob plants
D:6 exclusion: oklob plant


Innate Abilities, Weirdness & Mutations

You cannot be hasted, slowed, berserked, paralysed or teleported.
You can dig through walls and to a lower floor.
You have a pair of large antennae on your head. (SInv)
Your four strong arms can wield two-handed weapons with a shield.
You are partially covered in large bone plates. (SH +4)
You are strong-willed. (Will+)


Message History

Reach: G) +4 trident of Ashenzari's Whim {elec, rElec Will+ Str+4 Int+3}
Press: ? - help, Dir - move target, f - two-headed ogre
Aim: a two-headed ogre, wielding a +0 giant spiked club and a +0 giant club (about 18% to evade the +4 trident of Ashenzari's Whim)
You impale the two-headed ogre!!
The two-headed ogre is heavily wounded.
The two-headed ogre hits you with a +0 giant spiked club!!
* * * LOW HITPOINT WARNING * * *
The two-headed ogre hits you with a +0 giant club.
* * * LOW HITPOINT WARNING * * *
Reach: G) +4 trident of Ashenzari's Whim {elec, rElec Will+ Str+4 Int+3}
Press: ? - help, Dir - move target, f/p - two-headed ogre
Aim: a two-headed ogre, wielding a +0 giant spiked club and a +0 giant club (heavily wounded, about 18% to evade the +4 trident of Ashenzari's Whim)
You puncture the two-headed ogre!
The two-headed ogre is heavily wounded.
You block the two-headed ogre's attack.
The two-headed ogre hits you with a +0 giant club!
* * * LOW HITPOINT WARNING * * *
Reach: G) +4 trident of Ashenzari's Whim {elec, rElec Will+ Str+4 Int+3}
Press: ? - help, Dir - move target, f/p - two-headed ogre
Aim: a two-headed ogre, wielding a +0 giant spiked club and a +0 giant club (heavily wounded, about 18% to evade the +4 trident of Ashenzari's Whim)
You impale the two-headed ogre!!
You kill the two-headed ogre!
Cheibriados appreciates the change of pace.
You can now inflict damage on those overly hasty.
Cheibriados raises the support of your attributes as your movement slows.
Reach: G) +4 trident of Ashenzari's Whim {elec, rElec Will+ Str+4 Int+3}
Press: ? - help, Dir - move target, f - two-headed ogre
Aim: a two-headed ogre, wielding a +0 giant club and a +0 giant spiked club (about 17% to evade the +4 trident of Ashenzari's Whim)
You impale the two-headed ogre!!
The two-headed ogre is moderately wounded.
You block the two-headed ogre's attack.
The two-headed ogre hits you with a +0 giant spiked club.
* * * LOW HITPOINT WARNING * * *
Reach: G) +4 trident of Ashenzari's Whim {elec, rElec Will+ Str+4 Int+3}
Press: ? - help, Dir - move target, f/p - two-headed ogre
Aim: a two-headed ogre, wielding a +0 giant club and a +0 giant spiked club (moderately wounded, about 17% to evade the +4 trident of Ashenzari's Whim)
You impale the two-headed ogre!!
The two-headed ogre is severely wounded.
The two-headed ogre hits you with a +0 giant club!
You die...

.. ##.### # #
##.... ..#.
##.## # ....#
##.## ####
....####.####..#
#...####.####..#
.....OO@.......#
....####.####.#
....####.####...
....####.####...
##..####.####..)
####...........
#...........
#............
..............


You could see a two-headed ogre and an ogre.

Vanquished Creatures
  Gastronok (D:11)
  2 boulder beetles
  Erica (D:10)
  An ogre mage (D:15)
  A catoblepas (D:13)
  2 centaur warriors (D:13)
  8 two-headed ogres
  Urug (D:10)
  Pikel (D:4)
  2 deep elf pyromancers (D:13)
  An ugly thing (D:12)
  2 cyclopes
  A manticore (D:12)
  A gargoyle (D:12)
  A kobold demonologist (D:12)
  A komodo dragon (D:11)
  4 wandering mushrooms
  5 trolls
  25 yaks
  A vampire (D:9)
  6 wraiths
  2 wyverns (D:9)
  A steam dragon (D:8)
  2 water moccasins
  3 sky beasts
  3 orc warriors
  A black bear (D:6)
  3 ogres
  3 centaurs
  A phantom (D:6)
  3 kobold brigands
  A necrophage (D:4)
  A gnoll sergeant (D:9)
  A bullfrog (D:9)
  5 scorpions
  3 killer bees (D:9)
  2 electric eels (D:6)
  2 howler monkeys
  2 jellies
  2 orc priests
  A hound (D:6)
  A gnoll bouda (D:7)
  5 iguanas
  An iron imp (D:3)
  11 orc wizards
  8 adders
  11 gnolls
  A shadow imp (D:6)
  A white imp (D:5)
  An ufetubus (D:7)
  5 worms
  3 dart slugs
  36 orcs
  11 ball pythons
  5 endoplasms
  6 giant cockroaches
  4 goblins
  9 hobgoblins
  8 jackals
  5 quokkas
  5 bats
  A frilled lizard (D:2)
  17 kobolds
  5 rats
  A ballistomycete spore (D:7)
271 creatures vanquished.

Vanquished Creatures (others)
  A ballistomycete spore (D:7)
  22 plants
23 creatures vanquished.

Grand Total: 294 creatures vanquished

Notes
Turn   | Place    | Note
-------+----------+-------------------------------------------
     0 | D:1      | Arum the Formicid Fighter began the quest for the Orb.
     0 | D:1      | Reached XP level 1. HP: 18/18 MP: 1/1
    31 | D:1      | Reached XP level 2. HP: 18/24 MP: 2/2
   339 | D:1      | Reached XP level 3. HP: 30/30 MP: 3/3
  1332 | D:2      | Reached XP level 4. HP: 37/37 MP: 4/4
  1339 | D:2      | Reached skill level 4 in Fighting
  1580 | D:2      | Found a faded altar of an unknown god.
  1594 | D:2      | Prayed at the altar of an unknown god.
  1594 | D:2      | Became a worshipper of Fedhas Madash
  1594 | D:2      | Reached * piety under Fedhas
  1595 | D:2      | Fell from the grace of Fedhas
  2104 | D:3      | Reached XP level 5. HP: 40/43 MP: 5/5
  2108 | D:3      | Noticed a wandering mushroom
  2108 | D:3      | Noticed a wandering mushroom
  2560 | D:3      | Noticed a wandering mushroom
  2560 | D:3      | Noticed an oklob plant
  3162 | D:3      | Identified the +0 robe of the Enchanted Forest {Drain rCorr
                  | MP+9 Dex+3}
  3581 | D:3      | Reached XP level 6. HP: 48/50 MP: 6/6
  3840 | D:3      | Found a snail-covered altar of Cheibriados.
  3847 | D:3      | Became a worshipper of Cheibriados the Contemplative
  3949 | D:4      | Reached skill level 5 in Fighting
  3949 | D:4      | Reached skill level 5 in Armour
  4030 | D:4      | Noticed an ogre
  4041 | D:4      | Killed an ogre
  4042 | D:4      | Reached XP level 7. HP: 12/56 MP: 7/7
  4301 | D:4      | Noticed an oklob plant
  4301 | D:4      | Noticed a wandering mushroom
  4301 | D:4      | Noticed an oklob plant
  4525 | D:3      | Noticed a wandering mushroom
  4525 | D:3      | Noticed an oklob plant
  4525 | D:3      | Noticed a wandering mushroom
  5079 | D:4      | Reached * piety under Cheibriados
  5350 | D:4      | Noticed a wandering mushroom
  5350 | D:4      | Noticed an oklob plant
  5553 | D:4      | Reached skill level 6 in Fighting
  5661 | D:4      | Found a staircase to the Ecumenical Temple.
  6518 | D:5      | Entered Level 5 of the Dungeon
  6572 | D:5      | Noticed an oklob plant
  6572 | D:5      | Noticed a wandering mushroom
  6578 | D:5      | Reached skill level 5 in Staves
  6717 | D:5      | Noticed Pikel
  6746 | D:4      | Killed Pikel
  6747 | D:4      | Reached skill level 7 in Fighting
  6747 | D:4      | Reached XP level 8. HP: 47/67 MP: 8/8
  7152 | D:5      | Noticed a wandering mushroom
  7152 | D:5      | Noticed an oklob plant
  7152 | D:5      | Noticed an oklob plant
  7152 | D:5      | Noticed an oklob plant
  7152 | D:5      | Noticed an oklob plant
  7152 | D:5      | Noticed an oklob plant
  7152 | D:5      | Noticed an oklob plant
  7154 | D:5      | You fall into a shaft and drop 2 floors!
  7199 | D:7      | Found a shimmering altar of Xom.
  7199 | D:7      | Found a shimmering altar of Xom.
  7200 | D:7      | Found Peredoc's Weapon Boutique.
  7202 | D:7      | Identified the +6 scale mail "Conamet" {Int+4 Stlth+}
  7233 | D:7      | Found a broken altar of Ashenzari.
  7233 | D:7      | Found a shadowy altar of Dithmenos.
  7233 | D:7      | Found a shimmering blue altar of Sif Muna.
  7345 | D:6      | Reached XP level 9. HP: 63/66 MP: 9/9
  7647 | D:6      | Identified the +5 scale mail "Rajin" {Regen+}
  7682 | D:6      | Reached ** piety under Cheibriados
  7738 | D:6      | Reached skill level 8 in Fighting
  8842 | D:6      | Noticed a wandering mushroom
  8842 | D:6      | Noticed an oklob plant
  8953 | D:6      | Killed a wandering mushroom
  9230 | D:5      | Noticed a wandering mushroom
  9230 | D:5      | Noticed an oklob plant
  9230 | D:5      | Noticed an oklob plant
  9230 | D:5      | Noticed an oklob plant
  9230 | D:5      | Noticed an oklob plant
  9230 | D:5      | Noticed an oklob plant
  9233 | D:5      | You fall into a shaft and drop 2 floors!
  9424 | D:7      | Found a shimmering altar of Xom.
  9424 | D:7      | Found a shimmering altar of Xom.
  9716 | D:7      | Reached *** piety under Cheibriados
  9898 | D:7      | Was forgiven by Fedhas
 10039 | D:7      | Found Redif's Antique Armour Boutique.
 10071 | D:7      | Identified the +4 trident of Ashenzari's Whim {elec, rElec
                  | Will+ Str+4 Int+3}
 10640 | D:8      | Reached skill level 9 in Fighting
 10640 | D:8      | Reached XP level 10. HP: 80/83 MP: 10/10
 10960 | D:8      | Found a sacrificial altar of Ru.
 11322 | D:8      | Found a blossoming altar of Fedhas.
 11726 | D:9      | Noticed a two-headed ogre
 11739 | D:9      | Killed a two-headed ogre
 11740 | D:9      | Reached skill level 10 in Fighting
 11740 | D:9      | Reached skill level 10 in Armour
 12031 | D:9      | Found a hide-covered altar of Uskayaw.
 12031 | D:9      | Found a white marble altar of Elyvilon.
 12039 | D:9      | Found a faded altar of an unknown god.
 12041 | D:9      | Found a sparkling altar of Nemelex Xobeh.
 12043 | D:9      | Found a basalt altar of Yredelemnul.
 12376 | D:9      | Reached **** piety under Cheibriados
 12565 | D:9      | Gained mutation: You are strong-willed. (Will+) [potion of
                  | mutation]
 12565 | D:9      | Gained mutation: You occasionally lose the ability to drink
                  | potions when taking damage. [potion of mutation]
 12565 | D:9      | Gained mutation: You are covered in fur. (AC +1) [potion of
                  | mutation]
 12565 | D:9      | Gained mutation: You are partially covered in large bone
                  | plates. (SH +4) [potion of mutation]
 12576 | D:9      | Reached XP level 11. HP: 12/92 MP: 11/11
 12907 | D:9      | Lost mutation: You occasionally lose the ability to drink
                  | potions when taking damage. [potion of mutation]
 12907 | D:9      | Lost mutation: You are covered in fur. (AC +1) [potion of
                  | mutation]
 12907 | D:9      | Gained mutation: You have sharp toenails. [potion of
                  | mutation]
 12907 | D:9      | Gained mutation: You do not regenerate when monsters are
                  | visible. [potion of mutation]
 12907 | D:9      | Gained mutation: You have razor-sharp toenails. [potion of
                  | mutation]
 12907 | D:9      | Gained mutation: You have claws for feet. [potion of
                  | mutation]
 12908 | D:9      | Lost mutation: You have claws for feet. [potion of
                  | mutation]
 12908 | D:9      | Lost mutation: You have razor-sharp toenails. [potion of
                  | mutation]
 12908 | D:9      | Lost mutation: You have sharp toenails. [potion of
                  | mutation]
 12908 | D:9      | Lost mutation: You do not regenerate when monsters are
                  | visible. [potion of mutation]
 12917 | D:9      | Identified the +6 long sword of Irritation {vorpal, Contam
                  | Will+ rCorr Dex+5}
 13335 | D:10     | Entered Level 10 of the Dungeon
 13396 | D:10     | Noticed Urug
 13423 | D:10     | Killed Urug
 13424 | D:10     | Reached skill level 11 in Fighting
 13762 | D:10     | Noticed Erica
 13774 | D:10     | Killed Erica
 13775 | D:10     | Reached skill level 10 in Staves
 13775 | D:10     | Reached skill level 1 in Invocations
 14373 | D:10     | Reached skill level 5 in Shields
 14655 | D:10     | Found Anuax's Antique Armour Shop.
 14726 | D:10     | Noticed a two-headed ogre
 14737 | D:10     | Killed a two-headed ogre
 14929 | D:10     | Reached ***** piety under Cheibriados
 15128 | D:11     | Noticed a two-headed ogre
 15135 | D:11     | Noticed a cyclops
 15143 | D:10     | Killed a two-headed ogre
 15351 | D:10     | Killed a cyclops
 15531 | D:11     | Noticed a boulder beetle
 15551 | D:11     | Killed a boulder beetle
 15552 | D:11     | Reached XP level 12. HP: 91/102 MP: 15/15
 15607 | D:11     | Noticed Gastronok
 15642 | D:11     | Killed Gastronok
 15643 | D:11     | Reached skill level 12 in Fighting
 15880 | D:11     | Reached skill level 5 in Invocations
 16256 | D:11     | Found a staircase to the Orcish Mines.
 16314 | D:11     | Found a staircase to the Lair.
 16828 | D:12     | Noticed a boulder beetle
 16851 | D:12     | Killed a boulder beetle
 16906 | D:12     | Noticed a soul eater
 17787 | D:13     | Noticed a catoblepas
 17803 | D:13     | Killed a catoblepas
 17803 | D:13     | Noticed a centaur warrior
 17821 | D:13     | Killed a centaur warrior
 18037 | D:13     | Found Dovaun's Weapon Shoppe.
 18120 | D:13     | Reached XP level 13. HP: 50/109 MP: 18/18
 18585 | D:13     | Noticed a centaur warrior
 18606 | D:13     | Killed a centaur warrior
 18607 | D:13     | Reached skill level 13 in Fighting
 18609 | D:13     | You fall into a shaft and drop 2 floors!
 18609 | D:15     | Entered Level 15 of the Dungeon
 19060 | D:15     | Noticed an ogre mage
 19072 | D:15     | Killed an ogre mage
 19087 | D:15     | HP: 3/111 [two-headed ogre/+0 giant club (24)]
 19103 | D:15     | Reached skill level 10 in Shields
 19107 | D:15     | Slain by a two-headed ogre

Illustrated notes

Levels and vault maps discovered:
D:1:      erik_arrival_triangle_medium, layout_basic, minmay_close_crescents
D:2:      layout_loops_ring, hellmonk_ecumenical_altar_lost_god, nrook_uturn
D:3:      layout_loops_ring, chei_slow_surprise
D:4:      layout_loops_ring, temple_doors_e, chequers_big_river,
          minmay_door_square, grunt_ministairs_1
D:5:      layout_rooms, minivault_4, uniq_pikel
D:6:      layout_loops_ring, water_boxes_lemuel
D:7:      layout_loops_cross, xom_redecorated,
          chequers_temple_overflow_statue_of_worship, serial_shops,
          nicolae_shop_bloodbath_and_beyond, hangedman_decor_diamond_cutter,
          kennysheep_windowed_goal
D:8:      layout_basic, mainiacjoe_overflow_cross_hatched,
          general_overflow_altar
D:9:      layout_roguey, chequers_temple_overflow_minitemple
D:10:     layout_gridville, serial_shops,
          nicolae_shop_competitors_out_of_business, uniq_urug, uniq_erica
D:11:     layout_rooms, david_lair_shrubbed, uniq_gastronok
D:12:     layout_rooms
D:13:     layout_stronghold, serial_shops, shop
D:15:     hangedman_depths_entry_civil_slaughter, layout_cave_pools,
          reono_crystal_passage, cheibrodos_ashenzari_chains, uniq_roxanne

Skill      XL: |  1  2  3  4  5  6  7  8  9 10 11 12 13 |
---------------+----------------------------------------+-----
Armour         | 4 5 6 7 9 10 11 | 11.0
Fighting       | 4 5 7 9 10 11 12 13 | 13.3
Staves         | 3 4 5 6 7 9 10 11 12 | 12.0
Invocations    | 4 7 8 |  8.3
Shields        | 6 9 10 | 10.1

Action                   |  1- 3 |  4- 6 |  7- 9 | 10-12 | 13-15 || total
-------------------------+-------+-------+-------+-------+-------++-------
Melee: Quarterstaff      |    78 |   134 |   370 |   499 |    35 ||  1116
       Trident           |       |       |       |       |    13 ||    13
Invok: Renounce Religion |       |     1 |       |       |       ||     1
       Slouch            |       |       |       |       |     3 ||     3
 Abil: Dig               |       |     1 |    11 |     4 |     1 ||    17
       Shaft Self        |       |       |     2 |       |     1 ||     3
Evoke: Wand              |       |       |     4 |     8 |       ||    12
  Use: Potion            |       |       |       |     3 |     3 ||     6
       Scroll            |       |       |       |    25 |       ||    25
 Stab: Petrified         |       |       |       |     3 |       ||     3
Armor: Scale mail        |    31 |    58 |   153 |    94 |       ||   336
       Chain mail        |       |       |    34 |    78 |    10 ||   122
Dodge: Dodged            |    31 |    54 |   135 |   138 |    14 ||   372
Block: Buckler           |    25 |    27 |    90 |   202 |    30 ||   374
